Unix NetHack Version 5.0.0-0 post-release - last build Jun 10 2026 00:39:30 (3ee93aec679c4c4259841fe613dc97188e26a321,branch:main).

Game began 2026-06-29 22:58:49, ended 2026-06-29 23:03:31.

Jinnora, neutral female human Wizard

  -----------                                 ---------------
  |..........#########-----------             |.............|
  |.........|        #|.........-#############...............##
  |.<.......|        #|.........|             |.............| ##
  |.........|        #|........(+             --------+------  #
  |.........|        #|.........|                              #
  ---------+-        #..........|                              ##
                    # -----+-----                               #----------
                                                                #-@!!!!f!!|
                                                                 |.!!!.!@m|
                                                                 |.!!!!!!!|
                                                                 ----------

Jinnora the Conjurer      St:14 Dx:14 Co:17 In:16 Wi:7 Ch:7  Neutral
Dlvl:3  $:44 HP:0(26) Pw:8(28) AC:9  Xp:3/71 T:694 

Latest messages:
 You feel tough!
 You must have been leading a healthy life-style.
 You see here 4 gold pieces.
 $ - 4 gold pieces (42 in total).
 You see here a chest.
 In what direction? y
 Never mind.
 C - a scroll labeled EIRIS SAZUN IDISI.
 In what direction? 6
 The door opens.
 You kill the giant rat!
 You see here a food ration.
 n - a food ration (2 in total).
 You see here 2 gold pieces.
 $ - 2 gold pieces (44 in total).
 You swap places with your kitten.
 "Hello, Jinnora!  Welcome to Syktywkar's liquor emporium!"
 You see here a black potion (for sale, 375 zorkmids).
 You see here a cyan potion (for sale, 225 zorkmids).
 You see here a clear potion (for sale, 8 zorkmids).
 The kitten picks up a potion of monster detection.
 You see here a golden potion (for sale, 30 zorkmids).
 You see here an emerald potion (for sale, 300 zorkmids).
 You see here a golden potion (for sale, 30 zorkmids).
 (For instructions type a '?')
 Can't find dungeon feature '/'.
 Call a golden potion: golden 30
 You see here an emerald potion (for sale, 300 zorkmids).
 (For instructions type a '?')
 Call an emerald potion: emerald 300
 You see here a potion of monster detection (for sale, 225 zorkmids).
 You see here a dark green potion (for sale, 450 zorkmids).
 You see here a murky potion (for sale, 300 zorkmids).
 The kitten drops a potion of monster detection.
 In what direction? 6
 The giant mimic hits!
 The giant mimic hits again!
 In what direction? 6
 The spell misses the giant mimic.
 In what direction? 6
 The spell misses the giant mimic.
 In what direction? 6
 The spell hits the giant mimic!
 You cannot escape from the giant mimic!
 The kitten picks up a potion of monster detection.
 The giant mimic hits!
 The giant mimic hits again!
 You die...
 Syktywkar gratefully inherits all your possessions.
 Do you want to see what you had when you died? [ynq] (y) q

Inventory:
 Coins    ('$')
  $ - 44 gold pieces
 Weapons  (')')
  a - a blessed +1 quarterstaff (weapon in hands)
 Armor    ('[')
  b - an uncursed greased +0 cloak of magic resistance (being worn)
  r - an uncursed +0 elven cloak
  B - an uncursed +0 leather cloak
 Comestibles  ('%')
  x - 2 cursed cram rations
  n - 2 uncursed food rations
  y - a cursed food ration
  w - an uncursed lichen corpse
 Scrolls  ('?')
  C - an uncursed scroll of identify
  o - an uncursed scroll of magic mapping
  i - 2 uncursed scrolls of remove curse
  j - an uncursed scroll of scare monster
 Spellbooks  ('+')
  q - an uncursed spellbook of dig
  k - a blessed spellbook of force bolt
  l - an uncursed spellbook of healing
 Potions  ('!')
  h - a blessed potion of fruit juice
  s - 2 uncursed potions of healing
  t - a cursed potion of healing
  f - an uncursed potion of monster detection
  g - an uncursed potion of see invisible
  p - an uncursed potion of speed
 Rings    ('=')
  d - an uncursed +1 ring of increase accuracy
  e - an uncursed ring of teleportation
 Wands    ('/')
  c - an uncursed wand of speed monster (0:7)
 Tools    ('(')
  v - an uncursed can of grease (0:5)
  m - an uncursed magic marker (0:22)
  z - a cursed tallow candle
 Gems/Stones  ('*')
  A - a cursed amber stone
  u - an uncursed jet stone

Jinnora the Wizard's attributes:

Background:
 You were a Conjurer, a level 3 female human Wizard.
 You were neutral, on a mission for Thoth
 who was opposed by Ptah (lawful) and Anhur (chaotic).
 You were right-handed.
 You were in the Dungeons of Doom, on level 3.
 You entered the dungeon 694 turns ago.
 It was nighttime.
 There was a full moon in effect when your adventure ended.
 You had 71 experience points, 9 more were needed to attain level 4.

Basics:
 You had 0 out of 26 hit points.
 You had 8 out of 28 energy points (spell power).
 Your armor class was 9.
 Your wallet contained 44 zorkmids.
 Autopickup was off.

Final Characteristics:
 Your strength was 14 (limit:18/100).
 Your dexterity was 14 (limit:18).
 Your constitution was 17 (limit:18).
 Your intelligence was 16 (limit:18).
 Your wisdom was 7 (limit:18).
 Your charisma was 7 (limit:18).

Final Status:
 You were held by a giant mimic (east).
 You weren't hungry.
 You were unencumbered.
 You were wielding a quarterstaff.
 You had basic skill with quarterstaff.

Final Attributes:
 You were aligned.
 You were magic-protected.
 You were warded.
 You were lucky.
 You are dead.

Miscellaneous:
 You didn't encounter any bones levels.
 Total elapsed playing time was 4 minutes and 41 seconds.

Major events:
 Turn
    1: Jinnora the neutral female human Wizard entered the dungeon
  428: attained the rank of Conjurer (level 3)
  694: killed by a giant mimic

Spells:
 Name                 Level Category     Fail Retention
 force bolt             1   attack         0%  91%-100%
 healing                1   healing        0%  76%-100%

Skills:
 Fighting Skills
   bare handed combat [Unskilled]
   riding             [Unskilled]
 Weapon Skills
   dagger             [Unskilled]
   knife              [Unskilled]
   axe                [Unskilled]
   short sword        [Unskilled]
   club               [Unskilled]
   mace               [Unskilled]
   quarterstaff       [Basic]
   polearms           [Unskilled]
   spear              [Unskilled]
   trident            [Unskilled]
   sling              [Unskilled]
   dart               [Unskilled]
   shuriken           [Unskilled]
 Spellcasting Skills
   attack spells      [Basic]
   healing spells     [Unskilled]
   divination spells  [Unskilled]
   enchantment spells [Basic]
   clerical spells    [Unskilled]
   escape spells      [Unskilled]
   matter spells      [Unskilled]

Voluntary challenges:
 Character rerolling was not enabled.
 You were an atheist.
 You never genocided any monsters.
 You never polymorphed an object.
 You never changed form.
 You used no wishes.
Achievements:
 You attained the rank of Conjurer.
 You entered a shop.

 The Dungeons of Doom: levels 1 to 3
    Level 1:
       A fountain, a sink.
    Level 2:
       Some fountains.
    Level 3: <- You were here.
       A potion shop.
       Final resting place for
          you, killed by a giant mimic.


Vanquished creatures:
  3 fog clouds
  a giant rat
  2 jackals
  a fox
  a goblin
  a grid bug
  2 lichens
  3 newts
14 creatures vanquished.

No species were genocided or became extinct.

Game over:
                       ----------
                      /          \
                     /    REST    \
                    /      IN      \
                   /     PEACE      \
                  /                  \
                  |     Jinnora      |
                  |      44 Au       |
                  |   killed by a    |
                  |   giant mimic    |
                  |                  |
                  |                  |
                  |       2026       |
                 *|     *  *  *      | *
        _________)/\\_//(\/(/\)/\//\/|_)_______

Goodbye Jinnora the Wizard...

You died in The Dungeons of Doom on dungeon level 3 with 424 points,
and 44 pieces of gold, after 694 moves.
You were level 3 with a maximum of 26 hit points when you died.

